Map: Port Aleksander EC

Players

souL - Winner!

  • Race: Terran Terran
  • Spawn Location: 5:00

ShaDoWn

  • Race: Protoss Protoss
  • Spawn Location: 11:00

Event: 2019 WCS Spring

VOD

Have the link to the VOD?

Description

Time

  • Played on: May 17, 2019, 12:12 p.m.
  • Length: 3:47

All games in this series

Show
View Real Time Build Order
Export as new Build Order

souL Terran - Winner!

Build Orders:  

Get SALT Encoding   

  12  0:00  SCV  
  13  0:16  Supply Depot  
  13  0:19  SCV  
  14  0:38  Barracks  
  14  0:50  Barracks  
  14  0:55  SCV  
  15  1:07  SCV  
  15  1:08  Refinery  
  16  1:25  Orbital Command, Marine  
  17  1:35  Supply Depot  
  17  1:36  Marine  
  18  1:42  Marine  
  19  1:52  Bunker  
  19  1:58  Bunker  
  19  2:02  Supply Depot  
  19  2:05  Marine  
  20  2:10  Marine  
  20  2:20  SCV  
  21  2:27  Marine  
  21  2:29  Factory  
  22  2:30  Marine  
  22  2:32  SCV  
  24  2:44  SCV  
  25  2:45  Marine  
  25  2:48  Marine  
  27  2:56  SCV  
  28  2:59  Supply Depot  
  28  3:04  Marine  
  28  3:08  SCV  
  28  3:13  Factory Tech Lab  
  28  3:20  SCV  
  28  3:23  Barracks Tech Lab  
  29  3:31  Supply Depot  
  29  3:32  SCV  
  29  3:37  Refinery  
Show
View Real Time Build Order
Export as new Build Order

ShaDoWn Protoss 

Build Orders:  

Get SALT Encoding   

  12  0:00  Probe  
  13  0:12  Probe  
  14  0:20  Pylon  
  14  0:25  Probe  
  15  0:35  Probe  
  15  0:39  Gateway  
  16  0:43  Probe  
  16  0:49  Assimilator  
  17  0:53  Probe  
  18  1:04  Pylon  
  18  1:05  Probe  
  19  1:17  Probe  
  20  1:26  Cybernetics Core  
  20  1:28  Gateway  
  20  1:30  Probe  
  21  1:35  Assimilator  
  21  1:42  Zealot, Probe  
  21  1:44  Pylon  
  24  1:59  Stalker  
  24  2:00  Pylon  
  25  2:07  Shield Battery  
  24  2:13  Shield Battery  
  26  2:19  Shield Battery  
  26  2:20  Probe  
  25  2:27  Stalker  
  27  2:37  Probe  
  28  2:50  Shield Battery  
  27  2:57  Pylon  
  29  3:05  Probe  
  28  3:17  Probe  
  29  3:20  Nexus  
  27  3:29  Probe  
  28  3:36  Stargate  
Tags
 
Add a new tag
Caveats
  • Supply blocks, unpowered buildings, or Contaminate may cause inaccurate times.
  • Supply counts are checked every 10 seconds.